 Dungeon Crawl Stone Soup version 0.30-a0-777-ga9a30cbeda (webtiles) character file.

Game seed: 16512632459802005418

40 NinjaNoafa the Magician (level 3, -5/25 HPs)
             Began as a Djinni Conjurer on Feb 13, 2023.
             Slain by Sigmund
             ... wielding a +2 scythe of protection
              (7 damage)
             ... on level 2 of the Dungeon.
             The game lasted 00:04:17 (636 turns).

NinjaNoafa the Magician (Djinni Conjurer)            Turns: 636, Time: 00:04:18

Health: -5/25      AC:  5    Str:  6    XL:     3   Next: 72%
Gold:   36         EV: 12    Int: 21    God:
                   SH:  0    Dex: 11

rFire   + + .      SeeInvis .    b - +0 dagger
rCold   x . .      Faith    .    (no shield)
rNeg    . . .      Spirit   .    a - +0 robe
rPois   ∞          Reflect  .    (no helmet)
rElec   .          Harm     .    j - +2 cloak
rCorr   .          Rampage  .    (no gloves)
Will    .....                    (boots unavailable)
Stlth   +                        (no amulet)
HPRegen 0.24/turn                (no ring)
MPRegen 0.00/turn                (no ring)

@: confused, flying, hasted, very quick
A: sickness immunity, fire resistance 2, cold vulnerability 1, float, innate
caster, HP casting, extra vitality 1
a: no special abilities


You were on level 2 of the Dungeon.
You visited 1 branch of the dungeon, and saw 2 of its levels.

You collected 36 gold pieces.

Inventory:

Hand Weapons
 b - a +0 dagger (weapon)
Armour
 a - a +0 robe (worn)
 j - a +2 cloak (worn)
Scrolls
 c - a scroll of enchant armour {unknown}
 d - a scroll of teleportation {unknown}
 f - a scroll of summoning {unknown}
 g - a scroll of vulnerability {unknown}
 h - 2 scrolls of identify {unknown}


   Skills:
 - Level 2.1 Dodging
 - Level 1.5 Stealth
 + Level 4.1 Spellcasting


You couldn't memorise any spells.
You knew the following spells:

 Your Spells              Type           Power      Damage    Failure   Level
a - Magic Dart            Conj           84%        1d7       2%          1
b - Searing Ray           Conj           42%        2d6       3%          2
c - Dazzling Flash        Conj/Hex       42%        N/A       6%          3
d - Fulminant Prism       Conj/Hex       10%        3d8       22%         4
e - Iskenderun's Mystic   Conj/Tloc      21%        2d6       22%         4
f - Sandblast             Erth           42%        2d11      2%          1
Your spell library was empty.

Dungeon Overview and Level Annotations

Branches:
Dungeon (2/15)

Altars:

Shops:
D:1 (

Annotations:
D:2 Sigmund


Innate Abilities, Weirdness & Mutations

You are immune to sickness and miasma.
You are immune to poison.
Your flesh is very heat resistant. (rF++)
You are vulnerable to cold. (rC-)
You float through the air rather than walking.
You learn spells naturally, not from books.
Your magical power is your life essence.
You have superior vitality. (+4 MHP)


Message History

You can't see any susceptible monsters within range! (Use Z to cast anyway.) Unknown command.
Casting: Magic Dart (safe; 2% risk of failure)
Confirm with . or Enter, or press ? or * to list all spells.
You aren't experienced enough to cast this spell.
Casting: Magic Dart (safe; 2% risk of failure)
Confirm with . or Enter, or press ? or * to list all spells.
Aiming: Sandblast (safe; 2% risk of failure)
Press: ? - help, Shift-Dir - straight line
Casting: Sandblast (safe; 2% risk of failure)
Confirm with . or Enter, or press ? or * to list all spells.
Aiming: Sandblast (safe; 2% risk of failure)
Press: ? - help, Shift-Dir - straight line You hear some strange, mumbled words.
You are confused.
You bump into the rock wall.
Something hits you.
You bump into the rock wall.
Something hits you.
You're too confused to move!
You feel less confused.
You hear some strange, mumbled words.
You are confused.
Something hits you.
You hear some strange, mumbled words.
A magic dart appears from out of thin air!
The magic dart hits you.
You bump into the rock wall.
Something hits you!
* * * LOW HITPOINT WARNING * * *
You bump into the rock wall.
Something hits you.
* * * LOW HITPOINT WARNING * * *
It was a potion of curing.
You feel better. Something hits you!
* * * LOW HITPOINT WARNING * * *
You hear some strange, mumbled words.
You are confused.
You bump into the rock wall.
It was a potion of haste.
You feel yourself speed up. Something hits you but does no damage.
You bump into the rock wall.
Something hits you!
You die...

#.###....###. #..###..###..
#...######... #...)# #....
#....# #.... ##...######...
###...###..###..
#############....###....###.
#........{.@..#..##......##.
#.##.#.##.######............
#(##.# #######.<.... ..##.#
##.#### .#[##.# ### .......#
.. ..###. ##? #.# . # #.. .


There were no monsters in sight!

Vanquished Creatures
  An adder (D:2)
  A worm (D:2)
  3 endoplasms
  A giant cockroach (D:1)
  2 goblins (D:2)
  2 hobgoblins (D:1)
  4 kobolds
  A quokka (D:2)
  6 ball pythons
  3 bats (D:1)
  3 frilled lizards
  3 rats
30 creatures vanquished.

Notes
Turn   | Place    | Note
-------+----------+-------------------------------------------
     0 | D:1      | NinjaNoafa the Djinni Conjurer began the quest for the Orb.
     0 | D:1      | NinjaNoafa set off with the following spells memorised:
                  | Magic Dart, Searing Ray, Dazzling Flash, Fulminant Prism,
                  | Iskenderun's Mystic Blast.
     0 | D:1      | Reached XP level 1. HP: 15/15 MP: 0/0
    74 | D:1      | Found Uriogh's Antique Weapon Boutique.
   122 | D:1      | Reached XP level 2. HP: 17/21 MP: 0/0
   342 | D:2      | Reached XP level 3. HP: 25/25 MP: 0/0
   342 | D:2      | Learned a level 1 spell: Sandblast
   369 | D:2      | Reached skill level 4 in Spellcasting
   612 | D:2      | Noticed Sigmund
   629 | D:2      | HP: 1/25 [something (12)]
   636 | D:2      | Slain by Sigmund

Illustrated notes

Levels and vault maps discovered:
D:1:      dpeg_arrival_rhombus, layout_rooms, serial_shops, nicolae_shop_stone
D:2:      layout_loops_cross, hellmonk_ecumenical_altar_pennies_from_heaven,
          minivault_19, uniq_sigmund

Skill      XL: |  1  2  3 |
---------------+----------+-----
Spellcasting   | 4 |  4.1
Dodging        | |  2.1
Stealth        | |  1.5

Action                     || total
---------------------------++-------
  Melee: Dagger            ||    11
   Cast: Magic Dart        ||    38
         Sandblast         ||     6
         Searing Ray       ||     4
    Use: Potion            ||     2
   Stab: Sleeping          ||     1
 Armour: Robe              ||     4
  Dodge: Dodged            ||    12

Table legend: (Time is in decaauts)
 A = Elapsed time spent in this place.
 B = Non-inter-level travel time spent in this place.
 C = Inter-level travel time spent in this place.
 D = Time resting spent in this place.
 E = Time spent auto-exploring this place.
 F = Levels seen in this place.
 G = Mean time per level.
                   A        B        C        D        E       F      G
               +--------+--------+--------+--------+--------+-----+--------+
         Total |    637 |    579 |     58 |      0 |      0 |   2 |  318.5 |
       Dungeon |    637 |    579 |     58 |      0 |      0 |   2 |  318.5 |
               +--------+--------+--------+--------+--------+-----+--------+

Top non-repeatable levels by time:
     D:2: 334 daAuts
     D:1: 303 daAuts
